Description

This build comes from TY vs Lambo on Blueshift in the WCS Global Finals Group Stage.

Reaper expand into 1-1-1 with Reactor Hellion is the bread and butter of TvZ for a long time. Terran usually do harassment instead of timing with this well known set up early on. Zerg often rely on scouting Terran's move out with well positioned Zerglings and Overlords to prepare for uncommon timing attack such as Hellbat push.

This build does not diverge too much from this core set up. But it mixes in Marauders for a surprise timing attack early on.

This build is take from the October entry of the Metagame Build Order series from TerranCraft.

VOD

https://www.youtube.com/watch?v=N7fsrjAbf3s

Build Order

Get SALT Encoding   

  12  0:00  SCV  
  13  0:12  SCV  
  14  0:17  Supply Depot  
  14  0:24  SCV  
  15  0:39  SCV  
  16  0:41  Barracks  
  16  0:44  Refinery  
  16  0:52  SCV  
  17  1:04  SCV  
  18  1:16  SCV  
  19  1:28  Orbital Command, Reaper  
  20  1:39  Supply Depot, Command Center  
  20  1:55  SCV  
  21  2:01  Marine  
  22  2:06  Factory  
  22  2:08  SCV  
  23  2:17  Refinery  
  23  2:20  SCV  
  24  2:22  Barracks Reactor  Swap onto the Factory when done
  26  2:52  Starport  
  27  3:03  Orbital Command  
  27  3:05  Barracks Tech Lab  
  27  3:08  Hellion x2  
  33  3:29  Supply Depot, Hellion x2, Viking  Continuous Hellion production
  38  3:32  Marauder  Hide it if necessary from scouting Overlords until the Vikings clear them out
  42  3:45  Supply Depot  
  46  3:53  Concussive Shells, Marauder  
  48  4:04  Medivac  
  50  4:07  Supply Depot  
  54  4:15  Marauder  When this is done, load all 3 into the Medivac to hide them
  56  4:20  Armory  
  62  4:39  Liberator  
  67  4:40  Action  Move out with the Hellions and Medivac. Drop the Marauders on the Queens
Spawning Tool Build Advisor. Get it on Overwolf

Analysis

Currently, Zerg tend to not research Overlord speed for early scouting, and this gives opportunity for Terran to mix in some variations to gain an advantage as the game progress into the mid game. The build order is simple, but its execution is not.

The first part of executing this build is to sell that you are doing a non-threatening standard Reactor Hellion 1-1-1. The Viking has two main goals. The first is to deny scouting, and this is in line with the goal to hide the build from the opponent. The set up of Reactor on Factory, Tech Lab on Barracks, and a naked Starport is very common now, and this usually shapes up to a Liberator and Hellion run-by two pronged attack. This vod is a recent example of how that usually plays out at the top level with Zerg anticipating the Hellion to commit. Interestingly, Viking is a rare choice nowadays after Overlord’s Mutate Ventral Sacs upgrade requirement is moved from the Evolution Chamber to the Lair, and you can read more about the implications in this article. The Viking may now in fact put Zerg on alert for potential curve balls.

The second goal of the Viking is to use one production cycle of the Starport. If the first Starport unit is a Medivac, the preparation for Marauders is not ready by the time the Medivac is out. The Medivac becomes an awkward choice. If you want to attack at the timing of the first Medivac, it is better to just execute a normal Hellbat attack as things line up better. Viking fills that production gap well.

Also, Zerg cannot tell whether the research on Tech Lab is Stim or Concussive Shell, so it is hard to tell there are Marauders unless they see one. TY did a good job hiding that.

The second part of the execution is how to trick Zerg to engage the Hellions with Queens. Queens are the ideal defensive tool against Hellions, and it is instinctive for Zerg to attack Hellions with Queens when they saw the Hellions are on creep. Once the Queens commit to attack the Hellions, the Medivac boost in from the side to unload the Marauders with Concussive Shell. This surprise move can kill off the overextended Queens. The Armory should be ready by then, and Zerglings alone are not the answer against Hellbats. This could be a game ending attack.

Go to:

Details

Become a Patron
  • Created by: Maxilicious  
  • Published on: Oct 30, 2018
  • Patch: 4.0.0
Show
View Real Time Build Order
Export as new Build Order

Comments (2)

On Nov. 1, 2018, 4:01 p.m., StormBreak3r  said:

Very nc! Loved it

On Oct. 30, 2018, 3:56 p.m., Epsilon52  said:

Thank you for the recent TY builds this month, he's a brainy player and is easily one of my main idols when it comes to Terran.

Create an account to comment!